 Dungeon Crawl Stone Soup version 0.21-a0-221-gfe971b9 (webtiles) character file.

605 tidbits the Insei (level 7, -14/32 HPs)
             Began as a Vine Stalker Arcane Marksman on Aug 26, 2017.
             Demolished by Pikel
             ... wielding a +1 whip of electrocution
              (15 damage)
             ... on level 6 of the Dungeon.
             The game lasted 00:15:29 (1494 turns).

tidbits the Insei (Vine Stalker Arcane Marksman)    Turns: 1494, Time: 00:15:30

Health: -14/32     AC:  7    Str: 12    XL:     7   Next: 42%
Magic:  0/9        EV:  9    Int: 20    God:
Gold:   106        SH:  0    Dex: 15    Spells: 7/8 levels left

rFire    . . .     SeeInvis .     - Unarmed
rCold    . . .     Gourm    .   (no shield)
rNeg     . . .     Faith    .   j - +0 scale mail
rPois    .         Spirit   +   (no helmet)
rElec    .         Reflect  .   (no cloak)
rCorr    +         Harm     .   p - +0 pair of gloves (curse)
MR       .....                  (no boots)
Stlth    ..........             (no amulet)
HPRegen  0.50/turn              K - ring of resist corrosion
MPRegen  0.11/turn              (no ring)

@: brilliant
A: fangs 2, regeneration 1, magic shield, antimagic bite, no potion heal 3, rot
immunity
a: no special abilities


You were on level 6 of the Dungeon.
You were not hungry.

You visited 1 branch of the dungeon, and saw 6 of its levels.

You collected 106 gold pieces.

Inventory:

Hand Weapons
 g - a +0 blowgun
Missiles
 e - 24 stones
 h - 17 bolts
 n - 5 silver tomahawks
 r - 20 poisoned needles
 u - 14 arrows
 y - 2 javelins (quivered)
Armour
 a - a +0 robe
 j - a +0 scale mail (worn)
 p - a cursed +0 pair of gloves (worn)
Jewellery
 K - a ring of resist corrosion (left hand)
   (You found it on level 1 of the Dungeon)
Scrolls
 k - a scroll of immolation {unknown}
 m - a scroll of fear {unknown}
 o - a scroll of fog {unknown}
 q - a scroll of magic mapping {unknown}
 t - 2 scrolls of enchant armour {unknown}
 w - a scroll of enchant weapon {unknown}
 x - a scroll of remove curse {unknown}
Books
 b - a book of Debilitation

   Spells                             Type                      Level
   a - Corona                         Hexes                        1
   b - Slow                           Hexes                        2
   c - Inner Flame                    Hexes/Fire                   3
   d - Portal Projectile              Hexes/Translocation          3
   e - Cause Fear                     Hexes                        4
   f - Leda's Liquefaction            Hexes/Earth                  4
Comestibles
 c - a meat ration
 f - 3 bread rations
 s - a royal jelly


   Skills:
 - Level 0.8 Fighting
 - Level 1.7 Throwing
 - Level 1.5 Dodging
 + Level 7.7 Unarmed Combat
 - Level 1.1 Spellcasting
 - Level 3.0 Hexes


You had 7 spell levels left.
You knew the following spells:

 Your Spells              Type           Power        Failure   Level  Hunger
o - Corona                Hex            ####...      3%          1    ##.....


Dungeon Overview and Level Annotations

Branches:
Dungeon (6/15)
 Temple: D:4-7

Altars:

Annotations:
D:6 Pikel


Innate Abilities, Weirdness & Mutations

You have extremely sharp teeth.
Your natural rate of healing is unusually fast.
When hurt, damage is shared between your health and your magic reserves.
Your bite disrupts and absorbs the magic of your enemies.
Potions cannot restore your health.
You are immune to rotting.


Message History

Firing (i - inventory. (,) - cycle):
r - 20 poisoned needles (quivered)
Press: ? - help, Shift-Dir - straight line, f - slave
Aim: a slave, wearing an animal skin You shoot a poisoned needle.
The poisoned needle barely misses the slave.
Wield which item (- for none, * to show all)? (? for menu, Esc to quit)
You are now empty-handed.
Your scale mail prevents you from hitting the slave.
Your punch misses the slave. Your bite misses the slave.
The slave closely misses you.
You barely miss the slave. Your bite misses the slave.
The slave barely misses you.
You hit the slave but do no damage. Your bite misses the slave.
You completely miss the slave. The slave hits you but does no damage.
You barely miss the slave. The slave hits you but does no damage.
You hit the slave but do no damage. Your bite misses the slave.
The slave hits you.
You closely miss the slave. Your punch misses the slave. You bite the slave.
You drain its power.
You feel invigorated.
The slave is lightly wounded.
The slave barely misses you.
You hit the slave. You bite the slave. You drain its power.
The slave is moderately wounded.
The slave hits you.
You hit the slave.
The slave is heavily wounded.
The slave closely misses you.
You barely miss the slave. Your bite misses the slave.
The slave is heavily wounded.
The slave hits you.
You punch the slave! You punch the slave, but do no damage.
The slave is severely wounded.
The slave hits you but does no damage.
Your scale mail prevents you from hitting the slave.
The slave is severely wounded.
You punch the slave!
The slave is almost dead.
The slave completely misses you.
You hit the slave.
You kill the slave!
That felt strangely unrewarding.
Things that are here:
an animal skin; a human corpse
r - 20 poisoned needles (gained 1)
You now have 106 gold pieces (gained 3).
Wield which item (- for none, * to show all)? (? for menu, Esc to quit)
g - a +0 blowgun (weapon)
Something unseen opens the door.
Pikel the Slaver comes into view.
He is wielding a whip of electrocution.
It was a potion of brilliance.
You feel clever all of a sudden.
Pikel shouts!
Casting: Corona
Confirm with . or Enter, or press ? or * to list all spells.
You don't know that spell.
Casting: Corona
Confirm with . or Enter, or press ? or * to list all spells.
Aiming: Corona
Press: ? - help, Shift-Dir - straight line, f - Pikel
Aim: Pikel, wielding a whip of electrocution and wearing a robe (chance to defeat MR: 65%) Pikel is outlined in light.
Pikel says, "You'll feel the lick of my whip!"
Wield which item (- for none, * to show all)? (? for menu, Esc to quit)
You are now empty-handed.
You barely miss Pikel. You bite Pikel, but do no damage.
Pikel hits you with a whip of electrocution.
A worker ant comes into view.
Fire/throw which item? (* to show all) (? for menu, Esc to quit)
Okay, then.
You hit Pikel but do no damage.
Pikel hits you with a whip of electrocution!
You are electrocuted!
* * * LOW HITPOINT WARNING * * *
You hit Pikel but do no damage. Pikel barely misses you.
You hit Pikel. Your bite misses Pikel.
Pikel is lightly wounded.
Your scale mail prevents you from hitting Pikel.
Pikel is lightly wounded.
Pikel hits you with a whip of electrocution.
* * * LOW HITPOINT WARNING * * *
You hit Pikel.
Pikel is moderately wounded.
Pikel barely misses you.
You hit Pikel. You bite Pikel. You drain his power.
You feel invigorated.
Pikel is heavily wounded.
Pikel hits you with a whip of electrocution.
* * * LOW HITPOINT WARNING * * *
You are electrocuted!
* * * LOW HITPOINT WARNING * * *
You aren't carrying any potions.
Unknown command.
Press: ? - help, v - describe, . - travel
Here: Pikel, wielding a whip of electrocution and wearing a robe (heavily wounded, softly glowing)
The floor.
You hit Pikel.
Pikel is heavily wounded.
Pikel hits you with a whip of electrocution.
* * * LOW HITPOINT WARNING * * *
You are electrocuted!
You die...

### ..# .'.
#.#########
#aK........
#@.# #..# .#
#..# .. #..# #.
#..# #. #..# .
#.##..# ..#####
#..#[.#
.(.....###.#..#


You could see Pikel and a worker ant.

Vanquished Creatures
  Grinder (D:5)
  An ice beast (D:6)
  3 slaves (D:6)
  An ogre (D:5)
  A bullfrog zombie (D:5)
  Terence (D:3)
  Jessica (D:3)
  An iguana (D:5)
  3 adders
  4 gnolls
  An ooze (D:3)
  A leopard gecko (D:1)
  5 orcs
  A giant cockroach (D:3)
  3 goblins (D:1)
  6 hobgoblins
  2 jackals (D:2)
  2 quokkas
  A ball python (D:3)
  5 bats
  2 frilled lizards
  4 kobolds
  4 rats
54 creatures vanquished.

Notes
Turn   | Place    | Note
-------+----------+-------------------------------------------
     0 | D:1      | tidbits the Vine Stalker Arcane Marksman began the quest for the Orb.
     0 | D:1      | Reached XP level 1. HP: 9/9 MP: 3/3
   198 | D:1      | Reached skill level 1 in Unarmed Combat
   198 | D:1      | Reached XP level 2. HP: 14/14 MP: 4/4
   217 | D:1      | Reached skill level 2 in Unarmed Combat
   381 | D:1      | Reached XP level 3. HP: 8/17 MP: 5/5
   443 | D:2      | Reached skill level 3 in Unarmed Combat
   749 | D:3      | Gained mutation: Your natural rate of healing is unusually fast. [Vine Stalker growth]
   749 | D:3      | Reached XP level 4. HP: 21/21 MP: 6/6
   823 | D:3      | Noticed Terence
   823 | D:3      | Noticed Jessica
   834 | D:3      | Killed Jessica
   834 | D:3      | Reached skill level 4 in Unarmed Combat
   877 | D:3      | Killed Terence
   877 | D:3      | Reached XP level 5. HP: 15/25 MP: 7/7
   986 | D:5      | Entered Level 5 of the Dungeon
  1100 | D:5      | Noticed an ogre
  1115 | D:5      | Killed an ogre
  1115 | D:5      | Reached skill level 5 in Unarmed Combat
  1115 | D:5      | Reached XP level 6. HP: 27/29 MP: 8/8
  1181 | D:5      | Noticed Grinder
  1203 | D:5      | Killed Grinder
  1203 | D:5      | Reached skill level 7 in Unarmed Combat
  1203 | D:5      | Reached XP level 7. HP: 26/32 MP: 9/9
  1484 | D:6      | Noticed Pikel
  1493 | D:6      | HP: 3/32 [Pikel/whip of electrocution (5)]
  1494 | D:6      | HP: 1/32 [Pikel/whip of electrocution (2)]
  1494 | D:6      | Demolished by Pikel

Vault maps used:
D:1:      erik_arrival_cave_to_civilisation
D:3:      chequers_ecumenical_altar_twisty, minmay_vboxes, uniq_terence,
          uniq_jessica
D:4:      temple_green, elyvilon_altar_4
D:5:      first_bread, uniq_grinder, uniq_ijyb
D:6:      grunt_ministairs_15, hangedman_decor_points, minmay_misc_feat_room,
          minmay_ogre_servants, uniq_pikel

Skill      XL: |  1  2  3  4  5  6 |
---------------+-------------------+-----
Unarmed Combat | 1 2 3 4 5 7 |  7.7
Fighting       | |  0.8
Throwing       | |  1.7
Dodging        | |  1.5
Spellcasting   | |  1.1
Hexes          | |  3.0

Action                   |  1- 3 |  4- 6 |  7- 9 || total
-------------------------+-------+-------+-------++-------
Melee: Unarmed           |    54 |    99 |    60 ||   213
       Bite              |    10 |    32 |    12 ||    54
       Punch             |       |     3 |     3 ||     6
 Fire: Blowgun           |       |     2 |     4 ||     6
Throw: Javelin           |    25 |    18 |     4 ||    47
       Throwing net      |     2 |     2 |       ||     4
       Tomahawk          |       |     5 |       ||     5
 Cast: Corona            |       |     2 |     1 ||     3
  Use: Potion            |       |     3 |     1 ||     4
       Scroll            |       |     2 |       ||     2
 Stab: Held in net/web   |       |     2 |       ||     2
  Eat: Meat ration       |       |     1 |       ||     1
Armor: Robe              |     2 |       |       ||     2
       Scale mail        |    28 |    25 |    11 ||    64
Dodge: Dodged            |    42 |    37 |    17 ||    96

Table legend:
 A = Spawn XP
 B = Non-spawn XP
 C = Spawn XP percentage of total XP
 D = Spawn monster count
 E = Non-spawn monster count
 F = Spawn count percentage of total count
 G = Total turns spent on level
                    A         B        C        D         E        F      G
               +---------+---------+-------+---------+---------+-------+---------
         Total |     119 |     746 |  13.8 |       2 |      49 |   3.9 |  1494
               +---------+---------+-------+---------+---------+-------+---------
           D:1 |       1 |      36 |   2.7 |       1 |      15 |   6.2 |   390
           D:2 |       0 |      27 |   0.0 |       0 |       9 |   0.0 |   185
           D:3 |       0 |     111 |   0.0 |       0 |      11 |   0.0 |   368
           D:5 |     118 |     431 |  21.5 |       1 |       8 |  11.1 |   290
           D:6 |       0 |     141 |   0.0 |       0 |       6 |   0.0 |   218
               +---------+---------+-------+---------+---------+-------+---------

Table legend:
 A = Turns spent in this place as a percentage of turns spent in the entire game.
 B = Non-inter-level travel turns spent in this place as a percentage of non-inter-level travel turns spent in the entire game.
 C = Inter-level travel turns spent in this place as a percentage of turns spent in this place.
 D = Turns resting spent in this place as a percentage of non-inter-level travel turns spent in this place.
 E = Turns spent auto-exploring this place as a percentage of non-inter-level travel turns spent in this place.
 F = Non-inter-level travel turns spent in this place divided by the number of levels of this place that you've seen.
                   A       B       C       D       E      F
               +-------+-------+-------+-------+-------+----------------------
         Total | 100.0 | 100.0 |   2.5 |   0.0 |   0.0 | 242.8
       Dungeon | 100.0 | 100.0 |   2.5 |   0.0 |   0.0 | 242.8
               +-------+-------+-------+-------+-------+----------------------

Table legend:
 A = Kills in this place as a percentage of kills in entire the game.
 B = Kills by you in this place as a percentage of kills by you in the entire game.
 C = Kills by friends in this place as a percentage of kills by friends in the entire game.
 D = Other kills in this place as a percentage of other kills in the entire game.
 E = Experience gained in this place as a percentage of experience gained in the entire game.
 F = Experience gained in this place divided by the number of levels of this place that you have seen.
                   A       B       C       D       E      F
               +-------+-------+-------+-------+-------+----------------------
         Total | 100.0 | 100.0 |   N/A |   N/A | 100.0 | 144.2
       Dungeon | 100.0 | 100.0 |   N/A |   N/A | 100.0 | 144.2
               +-------+-------+-------+-------+-------+----------------------

Vault maps used:
D:1:      erik_arrival_cave_to_civilisation
D:3:      chequers_ecumenical_altar_twisty, minmay_vboxes, uniq_terence,
          uniq_jessica
D:4:      temple_green, elyvilon_altar_4
D:5:      first_bread, uniq_grinder, uniq_ijyb
D:6:      grunt_ministairs_15, hangedman_decor_points, minmay_misc_feat_room,
          minmay_ogre_servants, uniq_pikel
